Map: Alcyone LE

Players

Applepi - Winner!

  • Race: Zerg Zerg
  • League: Gold
  • Spawn Location: 1:00

A.I. 1 (Hard)

  • Race: Zerg Zerg
  • Spawn Location: 7:00

VOD

Have the link to the VOD?

Description

Time

  • Played on: May 17, 2025, 2:39 p.m.
  • Length: 10:19
Show
View Real Time Build Order
Export as new Build Order

Applepi Zerg - Winner!

Build Orders: Pool First 

Get SALT Encoding   

  12  0:05  Drone  
  13  0:14  Overlord  
  13  0:20  Drone  
  14  0:33  Drone x2  
  16  0:39  Extractor  
  15  0:50  Spawning Pool  
  15  0:51  Drone  
  15  0:53  Drone  
  16  1:09  Drone  
  16  1:10  Drone  
  18  1:24  Overlord  
  18  1:32  Hatchery  
  17  1:41  Drone  
  17  1:44  Drone  
  19  1:54  Zergling x2  
  19  1:57  Queen  
  22  2:13  Drone  
  23  2:16  Drone  
  24  2:33  Queen  
  24  2:36  Overlord  
  26  2:44  Drone  
  26  2:48  Drone x2  
  29  2:58  Overlord  
  29  3:03  Drone  
  30  3:09  Drone x2  
  32  3:16  Lair  
  32  3:20  Drone x2  
  32  3:25  Drone x2  
  36  3:29  Drone  
  36  3:32  Drone  
  38  3:42  Evolution Chamber  
  38  3:45  Roach Warren  
  36  3:50  Extractor  
  36  3:53  Drone x2  
  36  3:54  Drone x2  
  36  3:55  Drone  
  40  3:59  Metabolic Boost  
  40  4:14  Drone  
  40  4:15  Drone x2  
  43  4:17  Overlord  
  43  4:18  Overlord  
  43  4:26  Zerg Missile Weapons Level 1  
  43  4:28  Glial Reconstitution  
  43  4:34  Roach x2  
  43  4:37  Overlord x2  
  47  4:40  Queen  
  49  4:55  Roach x4  
  49  4:56  Roach  
  59  5:03  Roach  
  61  5:09  Drone x2  
  63  5:16  Queen  
  65  5:26  Overlord x2  
  65  5:29  Roach x4  
  73  5:36  Hatchery  
  73  5:41  Drone x4  
  76  5:51  Roach  
  78  6:00  Roach x4  
  86  6:08  Roach x3  
  92  6:13  Overlord  
  92  6:14  Overlord  
  92  6:20  Zerg Melee Weapons Level 1  
  92  6:26  Overlord  
  92  6:35  Overlord x2  
  92  6:38  Roach x5  
  102  6:43  Roach  
  104  6:54  Roach  
  104  6:55  Roach x2  
  104  6:58  Drone  
  111  7:02  Roach x4  
  119  7:10  Roach x3  
  119  7:11  Zergling x2  
  126  7:17  Overlord x2  
  126  7:38  Roach  
  126  7:39  Roach x5  
  126  7:41  Zergling x4  
  126  7:42  Zergling x6  
  143  7:49  Roach  
  145  7:59  Roach x3  
  145  8:00  Zergling x6  
  145  8:04  Overlord x2  
  149  8:20  Roach  
  149  8:21  Roach x2  
  149  8:25  Roach x3  
  149  8:26  Zergling x2  
  158  8:35  Overlord x2  
  158  8:38  Roach  
  158  8:39  Zergling x2, Roach x2  
  158  8:40  Zergling x4  
  149  9:02  Roach x5  
  149  9:03  Zergling x12  
  147  9:12  Roach  
  147  9:13  Zergling x2, Roach  
  133  9:24  Overlord x2  
  133  9:28  Roach x3  
  133  9:29  Zergling x6, Roach  
  135  9:37  Roach x2  
Show
View Real Time Build Order
Export as new Build Order

A.I. 1 (Hard) Zerg 

Build Orders: Hatch First 

Get SALT Encoding   

  12  0:00  Drone  
  13  0:12  Overlord  
  13  0:16  Drone  
  14  0:30  Drone  
  14  0:32  Drone  
  14  0:34  Drone  
  17  0:54  Drone, Hatchery  
  17  1:09  Spawning Pool  
  17  1:10  Drone  
  17  1:13  Drone  
  17  1:16  Extractor  
  17  1:19  Drone  
  18  1:27  Overlord  
  18  1:38  Drone  
  19  1:56  Zergling x2  
  19  1:58  Queen  
  19  2:00  Zergling x2  
  23  2:02  Roach Warren  
  23  2:06  Drone  
  23  2:07  Extractor  
  22  2:10  Drone  
  23  2:24  Drone  
  24  2:36  Overlord  
  24  2:41  Roach  
  24  2:42  Roach x2  
  30  2:44  Roach  
  32  2:52  Roach  
  34  3:04  Drone, Baneling Nest  
  34  3:14  Extractor, Drone  
  34  3:19  Drone  
  35  3:22  Lair  
  35  3:39  Extractor  
  34  3:48  Zergling x2, Baneling  
  35  3:52  Drone, Overlord  
  36  4:04  Drone  
  36  4:07  Drone  
  38  4:11  Drone  
  38  4:15  Drone  
  40  4:18  Drone  
  40  4:21  Spire  
  40  4:22  Drone  
  41  4:25  Drone  
  41  4:28  Drone  
  43  4:35  Evolution Chamber  
  42  4:41  Overlord  
  42  4:44  Drone  
  43  4:52  Zergling x2, Evolution Chamber  
  43  4:55  Drone  
  44  5:02  Zergling x2  
  45  5:11  Baneling  
  45  5:16  Drone  
  46  5:23  Overlord  
  46  5:25  Drone  
  47  5:30  Drone  
  47  5:32  Mutalisk  
  47  5:33  Drone  
  52  5:35  Drone  
  52  5:38  Drone  
  52  5:41  Mutalisk, Drone  
  56  5:44  Drone  
  56  5:49  Overlord  
  57  5:51  Mutalisk  
  57  5:52  Drone  
  57  5:55  Drone  
  61  5:57  Drone  
  61  6:00  Mutalisk, Drone  
  61  6:02  Drone  
  66  6:06  Drone  
  66  6:08  Drone  
  68  6:15  Drone, Overlord  
  68  6:17  Drone  
  70  6:18  Drone  
  70  6:20  Drone  
  70  6:23  Metabolic Boost  
  72  6:28  Zerg Melee Weapons Level 1  
  72  6:29  Drone  
  72  6:30  Drone  
  74  6:36  Zerg Ground Armor Level 1  
  74  6:39  Overlord, Drone  
  75  6:47  Drone  
  75  6:48  Burrow  
  75  6:49  Drone  
  75  6:51  Drone  
  75  6:52  Zergling x2  
  79  7:01  Zergling x2  
  80  7:11  Zergling x2, Overlord  
  81  7:17  Overseer  
  81  7:19  Overseer  
  81  7:20  Zergling x2  
  82  7:23  Spore Crawler  
  82  7:25  Infestation Pit  
  82  7:28  Spore Crawler  
  82  7:29  Mutalisk  
  80  7:30  Spore Crawler, Drone  
  80  7:38  Mutalisk  
  80  7:39  Overlord  
  80  7:41  Drone  
  83  7:45  Spore Crawler  
  83  7:46  Drone  
  83  7:48  Mutalisk  
  85  7:52  Spine Crawler  
  85  7:53  Drone  
  85  7:54  Spine Crawler, Drone  
  85  7:57  Mutalisk  
  87  8:00  Queen  
  91  8:06  Roach  
  91  8:07  Zergling x2  
  91  8:10  Spine Crawler, Drone  
  92  8:14  Spine Crawler, Drone  
  92  8:16  Zergling x2  
  86  8:21  Roach  
  86  8:25  Roach  
  77  8:28  Roach  
  77  8:33  Drone  
  72  8:35  Drone x3  
  72  8:37  Roach  
  68  8:45  Roach  
  68  8:47  Infestation Pit  
  43  8:56  Zergling x2  
  41  9:05  Zergling x2  
  41  9:09  Drone  
  24  9:27  Drone  
  18  9:31  Drone  
Tags
 
League
Gold
Matchup
ZvZ
Race
Zerg
Spawn Locations
Cross Positions
Add a new tag
Caveats
  • Supply blocks, unpowered buildings, or Contaminate may cause inaccurate times.
  • Supply counts are checked every 10 seconds.